TOP OF THE 1ST |
Oregon Ducks batting - Pitching for Providence Friars : RHP Corey May
|
Pitching: RHP Corey May
|
|
Batting: RHB Kris Ballard
|
0-0: Ground out 6-3 (Groundball, 6)
|
Batting: RHB Nate Trevino
|
0-0: Ball 1-0: Ball 2-0: Ball 3-0: Base on Balls
|
Batting: RHB Bob Levinson
|
0-0: Ball 1-0: Ball 2-0: Ball 3-0: Base on Balls Nate Trevino to second
|
Batting: RHB Raúl González
|
0-0: Fly out, F3 (Popup, 3F)
|
Batting: LHB Justin McCoy
|
0-0: Ground out 4-3 (Groundball, 4)
|
Top of the 1st over - 0 run(s), 0 hit(s), 0 error(s), 2 left on base; Oregon 0 - Providence 0 |
BOTTOM OF THE 1ST |
Providence Friars batting - Pitching for Oregon Ducks : LHP Homer Bryan
|
Pitching: LHP Homer Bryan
|
|
Batting: SHB Joey Boyd
|
0-0: Ground out 1-3 (Groundball, 15)
|
Batting: RHB Eugene Ackerman
|
0-0: Foul Ball, location: 2F 0-1: Ball 1-1: SINGLE (Flyball, 7LS) - OUT at second base trying to stretch hit.
|
Batting: RHB Rodrigo Carballeira
|
0-0: Foul Ball, location: 2F 0-1: Ball 1-1: Ground out 4-3 (Groundball, 4M)
|
Bottom of the 1st over - 0 run(s), 1 hit(s), 0 error(s), 0 left on base; Oregon 0 - Providence 0 |
TOP OF THE 2ND |
Oregon Ducks batting - Pitching for Providence Friars : RHP Corey May
|
Batting: LHB Bill Stephenson
|
0-0: Ball 1-0: Foul Ball, location: 2F 1-1: Ball 2-1: Ball 3-1: Base on Balls
|
Batting: RHB José Rosales
|
0-0: Called Strike 0-1: Ball 1-1: Ball 2-1: Called Strike 2-2: Ball 3-2: Foul Ball, location: 2F 3-2: Base on Balls Bill Stephenson to second
|
Batting: RHB William Ewing
|
0-0: Ball 1-0: Called Strike 1-1: Called Strike 1-2: Strikes out looking
|
Batting: RHB Jason Wheeler
|
0-0: Ball 1-0: Ball 2-0: Ball 3-0: Base on Balls Bill Stephenson to third José Rosales to second
|
Batting: RHB Kris Ballard
|
0-0: Called Strike 0-1: Called Strike 0-2: Strikes out swinging
|
Batting: RHB Nate Trevino
|
0-0: Called Strike 0-1: Called Strike 0-2: Strikes out swinging
|
Top of the 2nd over - 0 run(s), 0 hit(s), 0 error(s), 3 left on base; Oregon 0 - Providence 0 |
BOTTOM OF THE 2ND |
Providence Friars batting - Pitching for Oregon Ducks : LHP Homer Bryan
|
Batting: RHB Jorge Carrillo
|
0-0: Ball 1-0: Swinging Strike 1-1: Called Strike 1-2: Strikes out swinging
|
Batting: RHB Victor Wilson
|
0-0: Ball 1-0: Called Strike 1-1: Called Strike 1-2: Strikes out swinging
|
Batting: RHB Kyle Baylor
|
0-0: Ball 1-0: Foul Ball, location: 2F 1-1: Ball 2-1: Swinging Strike 2-2: Strikes out swinging
|
Bottom of the 2nd over - 0 run(s), 0 hit(s), 0 error(s), 0 left on base; Oregon 0 - Providence 0 |
TOP OF THE 3RD |
Oregon Ducks batting - Pitching for Providence Friars : RHP Corey May
|
Batting: RHB Bob Levinson
|
0-0: Ball 1-0: Fly out, F9 (Flyball, 9LM)
|
Batting: RHB Raúl González
|
0-0: Called Strike 0-1: Ball 1-1: Ball 2-1: Ball 3-1: Foul Ball, location: 2F 3-2: Base on Balls
|
Batting: LHB Justin McCoy
|
0-0: Fly out, F8 (Flyball, 8RM)
|
Batting: LHB Bill Stephenson
|
0-0: Ball 1-0: Foul Ball, location: 2F 1-1: Foul Ball, location: 2F 1-2: Ball 2-2: Foul Ball, location: 2F 2-2: SINGLE (Line Drive, 56D) Raúl González to second
|
Batting: RHB José Rosales
|
0-0: Ball 1-0: Swinging Strike 1-1: Ground out 5-3 (Groundball, 5L)
|
Top of the 3rd over - 0 run(s), 1 hit(s), 0 error(s), 2 left on base; Oregon 0 - Providence 0 |
BOTTOM OF THE 3RD |
Providence Friars batting - Pitching for Oregon Ducks : LHP Homer Bryan
|
Batting: RHB Larry Davis
|
0-0: Ball 1-0: Ball 2-0: Ball 3-0: Called Strike 3-1: Swinging Strike 3-2: Base on Balls
|
Batting: RHB Francisco Solgato
|
0-0: Ball 1-0: Swinging Strike 1-1: Swinging Strike 1-2: Ball 2-2: Strikes out swinging
|
Batting: RHB Tommy Allen
|
0-0: Swinging Strike 0-1: Called Strike 0-2: Foul Ball, location: 2F 0-2: Ball 1-2: Grounds into double play, 4-6-3 (Groundball, 34)
|
Bottom of the 3rd over - 0 run(s), 0 hit(s), 0 error(s), 0 left on base; Oregon 0 - Providence 0 |
TOP OF THE 4TH |
Oregon Ducks batting - Pitching for Providence Friars : RHP Corey May
|
Batting: RHB William Ewing
|
0-0: Ball 1-0: Ball 2-0: Called Strike 2-1: Foul Ball, location: 2F 2-2: SINGLE (Groundball, 56D)
|
Batting: RHB Jason Wheeler
|
0-0: Called Strike 0-1: Ball 1-1: Foul Ball, location: 2F 1-2: Ball 2-2: Foul Ball, location: 2F 2-2: Foul Ball, location: 2F 2-2: Ball 3-2: Foul Ball, location: 2F 3-2: Strikes out swinging
|
Batting: RHB Kris Ballard
|
0-0: Called Strike 0-1: Foul Ball, location: 2F 0-2: Ball 1-2: Foul Ball, location: 2F 1-2: SINGLE (Groundball, 34) - runner OUT being hit by batted ball.
|
Batting: RHB Nate Trevino
|
0-0: Ball 1-0: Ball 2-0: Called Strike 2-1: Foul Ball, location: 2F 2-2: Foul Ball, location: 2F 2-2: Foul Ball, location: 2F 2-2: Hit by Pitch Kris Ballard to second
|
Pitching: RHP Bartolo Méndez
|
|
Batting: RHB Bob Levinson
|
0-0: Ball 1-0: SINGLE (Line Drive, 9LS) Kris Ballard to third Nate Trevino to second Runner from 3rd tries for Home, SAFE, no throw or cutoff
|
Batting: RHB Raúl González
|
0-0: Foul Ball, location: 2F 0-1: Foul Ball, location: 2F 0-2: Ball 1-2: Ball 2-2: Ball 3-2: Strikes out swinging
|
Top of the 4th over - 1 run(s), 3 hit(s), 0 error(s), 2 left on base; Oregon 1 - Providence 0 |
BOTTOM OF THE 4TH |
Providence Friars batting - Pitching for Oregon Ducks : LHP Homer Bryan
|
Batting: SHB Joey Boyd
|
0-0: Called Strike 0-1: Foul Ball, location: 2F 0-2: Ball 1-2: Ball 2-2: Ball 3-2: SINGLE (Groundball, 56)
|
Batting: RHB Eugene Ackerman
|
0-0: Ball 1-0: Foul Ball, location: 2F 1-1: DOUBLE (Flyball, 78XD) Joey Boyd to third
|
Batting: RHB Rodrigo Carballeira
|
0-0: Ball 1-0: SINGLE (Groundball, 13) (infield hit)
|
Batting: RHB Jorge Carrillo
|
0-0: Foul Ball, location: 2F 0-1: SINGLE (Flyball, 8LM) Joey Boyd scores Eugene Ackerman to third Rodrigo Carballeira to second Runner from 3rd tries for Home, SAFE, throw made home Rodrigo Carballeira to third Jorge Carrillo to second
|
Batting: RHB Victor Wilson
|
0-0: Ball 1-0: Ball 2-0: SINGLE (Flyball, 78S) Rodrigo Carballeira scores Jorge Carrillo to third Runner from 3rd tries for Home, SAFE, no throw or cutoff
|
Batting: RHB Kyle Baylor
|
0-0: Ball 1-0: Called Strike 1-1: DOUBLE (Flyball, 8RM) Victor Wilson to third
|
Batting: RHB Larry Davis
|
0-0: Called Strike 0-1: Called Strike 0-2: Foul Ball, location: 2F 0-2: Ball 1-2: Foul Ball, location: 2F 1-2: Foul Ball, location: 2F 1-2: Ball 2-2: Ball 3-2: Foul Ball, location: 2F 3-2: Base on Balls
|
Batting: RHB Francisco Solgato
|
0-0: Grounds into double play, 6-4-3 (Groundball, 6) Victor Wilson scores Kyle Baylor to third
|
Batting: RHB Tommy Allen
|
0-0: Called Strike 0-1: Foul Ball, location: 2F 0-2: Foul Ball, location: 2F 0-2: Foul Ball, location: 2F 0-2: Ball 1-2: Ball 2-2: Strikes out looking
|
Bottom of the 4th over - 5 run(s), 6 hit(s), 0 error(s), 1 left on base; Oregon 1 - Providence 5 |
TOP OF THE 5TH |
Oregon Ducks batting - Pitching for Providence Friars : RHP Bartolo Méndez
|
Batting: LHB Justin McCoy
|
0-0: Called Strike 0-1: Ground out 3-1 (Groundball, 34S)
|
Batting: LHB Bill Stephenson
|
0-0: Swinging Strike 0-1: Fly out, F8 (Flyball, 8LM)
|
Batting: RHB José Rosales
|
0-0: Ground out 4-3 (Groundball, 4)
|
Top of the 5th over - 0 run(s), 0 hit(s), 0 error(s), 0 left on base; Oregon 1 - Providence 5 |
BOTTOM OF THE 5TH |
Providence Friars batting - Pitching for Oregon Ducks : LHP Homer Bryan
|
Batting: SHB Joey Boyd
|
0-0: Ball 1-0: Called Strike 1-1: Ball 2-1: Foul Ball, location: 2F 2-2: Foul Ball, location: 2F 2-2: Ground out U3 (Groundball, 3L)
|
Batting: RHB Eugene Ackerman
|
0-0: Ball 1-0: SINGLE (Line Drive, 3)
|
Pitching: LHP Curt James
|
|
Batting: RHB Rodrigo Carballeira
|
0-0: Ball 1-0: Ball 2-0: Ball 3-0: Base on Balls Eugene Ackerman to second
|
Batting: RHB Jorge Carrillo
|
0-0: Ball 1-0: Ball 2-0: DOUBLE (Groundball, 5L) Eugene Ackerman scores Rodrigo Carballeira to third Runner from 3rd tries for Home, SAFE, throw made home
|
Batting: RHB Victor Wilson
|
0-0: Ball 1-0: Foul Ball, location: 2F 1-1: Foul Ball, location: 2F 1-2: Foul Ball, location: 2F 1-2: Ground out 6-3 (Groundball, 6)
|
Batting: RHB Kyle Baylor
|
0-0: Called Strike 0-1: Ball 1-1: Fly out, F8 (Line Drive, 8LM)
|
Bottom of the 5th over - 2 run(s), 2 hit(s), 0 error(s), 1 left on base; Oregon 1 - Providence 7 |
TOP OF THE 6TH |
Oregon Ducks batting - Pitching for Providence Friars : RHP Bartolo Méndez
|
Batting: RHB William Ewing
|
0-0: Ball 1-0: Called Strike 1-1: Ball 2-1: Ball 3-1: Base on Balls
|
Batting: RHB Jason Wheeler
|
0-0: Called Strike 0-1: Ball 1-1: Swinging Strike 1-2: Ball 2-2: Ball 3-2: Foul Ball, location: 2F 3-2: Strikes out swinging
|
Batting: RHB Kris Ballard
|
0-0: Foul Ball, location: 2F 0-1: SINGLE (Line Drive, 8RS) William Ewing to second
|
Batting: RHB Nate Trevino
|
0-0: Called Strike 0-1: Ball 1-1: Foul Ball, location: 2F 1-2: Strikes out swinging
|
Batting: RHB Bob Levinson
|
0-0: Ball Balk! William Ewing to third Kris Ballard to second 1-0: SINGLE (Groundball, 6MD) William Ewing scores Kris Ballard to third Runner from 3rd tries for Home, SAFE, no throw or cutoff
|
Batting: RHB Raúl González
|
0-0: Foul Ball, location: 2F 0-1: Hit by Pitch Bob Levinson to second
|
Batting: LHB Justin McCoy
|
0-0: Swinging Strike 0-1: Ball 1-1: Ball 2-1: Ball 3-1: Base on Balls Bob Levinson to third Raúl González to second
|
Batting: LHB Bill Stephenson
|
0-0: Ball 1-0: Ground out 4-3 (Groundball, 4)
|
Top of the 6th over - 2 run(s), 2 hit(s), 0 error(s), 3 left on base; Oregon 3 - Providence 7 |
BOTTOM OF THE 6TH |
Providence Friars batting - Pitching for Oregon Ducks : LHP Curt James
|
Batting: RHB Larry Davis
|
0-0: Ball 1-0: Called Strike 1-1: Foul Ball, location: 2F 1-2: SINGLE (Groundball, 4MD)
|
Batting: RHB Francisco Solgato
|
0-0: Ball 1-0: Fly out, F7 (Line Drive, 7M)
|
Batting: RHB Tommy Allen
|
0-0: Called Strike 0-1: Foul Ball, location: 2F 0-2: Foul Ball, location: 2F 0-2: Strikes out swinging
|
Batting: SHB Joey Boyd
|
0-0: Ball 1-0: Ground out 4-3 (Groundball, 4)
|
Bottom of the 6th over - 0 run(s), 1 hit(s), 0 error(s), 1 left on base; Oregon 3 - Providence 7 |
TOP OF THE 7TH |
Oregon Ducks batting - Pitching for Providence Friars : RHP Bartolo Méndez
|
Pitching: LHP Juan Jose Hinojosa
|
|
Batting: RHB José Rosales
|
0-0: Called Strike 0-1: Swinging Strike 0-2: Ball 1-2: Ball 2-2: Strikes out swinging
|
Batting: RHB William Ewing
|
0-0: Called Strike 0-1: Ball 1-1: Ground out 1-3 (Groundball, 15)
|
Batting: RHB Jason Wheeler
|
0-0: Fly out, F4 (Line Drive, 4)
|
Top of the 7th over - 0 run(s), 0 hit(s), 0 error(s), 0 left on base; Oregon 3 - Providence 7 |
BOTTOM OF THE 7TH |
Providence Friars batting - Pitching for Oregon Ducks : LHP Curt James
|
Batting: RHB Eugene Ackerman
|
0-0: Ground out 3-1 (Groundball, 34)
|
Pitching: RHP George Pierce
|
|
Batting: RHB Rodrigo Carballeira
|
0-0: Called Strike 0-1: Foul Ball, location: 2F 0-2: Ball Error on foul ball, E2 1-2: Strikes out looking
|
Batting: RHB Jorge Carrillo
|
0-0: Ball 1-0: Ball 2-0: Ball 3-0: Base on Balls
|
Batting: RHB Victor Wilson
|
0-0: Ball 1-0: Ball 2-0: Foul Ball, location: 2F 2-1: Ball 3-1: Called Strike 3-2: Strikes out swinging
|
Bottom of the 7th over - 0 run(s), 0 hit(s), 1 error(s), 1 left on base; Oregon 3 - Providence 7 |
TOP OF THE 8TH |
Oregon Ducks batting - Pitching for Providence Friars : LHP Juan Jose Hinojosa
|
Batting: RHB Kris Ballard
|
0-0: Ground out U3 (Groundball, 3S)
|
Batting: RHB Nate Trevino
|
0-0: Called Strike 0-1: SINGLE (Line Drive, 6MD)
|
Batting: RHB Bob Levinson
|
0-0: SINGLE (Line Drive, 89S) Nate Trevino to second
|
Pitching: RHP Adam Reed
|
|
Batting: RHB Raúl González
|
0-0: Called Strike 0-1: Grounds into double play, 4-6-3 (Groundball, 4)
|
Top of the 8th over - 0 run(s), 2 hit(s), 0 error(s), 1 left on base; Oregon 3 - Providence 7 |
BOTTOM OF THE 8TH |
Providence Friars batting - Pitching for Oregon Ducks : RHP George Pierce
|
Batting: RHB Kyle Baylor
|
0-0: Swinging Strike 0-1: Ball 1-1: Foul Ball, location: 2F 1-2: Strikes out swinging
|
Batting: RHB Larry Davis
|
0-0: Swinging Strike 0-1: Ground out 4-3 (Groundball, 4)
|
Batting: RHB Francisco Solgato
|
0-0: Called Strike 0-1: SINGLE (Groundball, 4M)
|
Batting: RHB Tommy Allen
|
0-0: Ball 1-0: Called Strike 1-1: Ball 2-1: Foul Ball, location: 2F 2-2: Strikes out looking
|
Bottom of the 8th over - 0 run(s), 1 hit(s), 0 error(s), 1 left on base; Oregon 3 - Providence 7 |
TOP OF THE 9TH |
Oregon Ducks batting - Pitching for Providence Friars : RHP Adam Reed
|
Batting: LHB Justin McCoy
|
0-0: Swinging Strike 0-1: Swinging Strike 0-2: Ball 1-2: Strikes out swinging
|
Batting: LHB Bill Stephenson
|
0-0: Ball 1-0: Foul Ball, location: 2F 1-1: Called Strike 1-2: Fly out, F4 (Line Drive, 4)
|
Batting: RHB José Rosales
|
0-0: Ball 1-0: Called Strike 1-1: Foul Ball, location: 2F 1-2: Reached on error, E6 (Groundball, 6)
|
Batting: RHB William Ewing
|
0-0: Swinging Strike 0-1: Fly out, F8 (Flyball, 8RM)
|
Top of the 9th over - 0 run(s), 0 hit(s), 1 error(s), 1 left on base; Oregon 3 - Providence 7 |
|